 Dungeon Crawl Stone Soup version 0.17-a0-1632-g0af21bd (webtiles) character file.

7219 urechis the Grappler (level 10, -1/106 HPs)
             Began as a Troll Monk on Aug 3, 2015.
             Slain by a crocodile (8 damage)
             ... on level 10 of the Dungeon.
             The game lasted 00:13:15 (8547 turns).

urechis the Grappler (Troll Monk)                   Turns: 8547, Time: 00:13:15

Health: -1/106     AC:  8    Str: 21    XL:     10   Next: 87%
Magic:  9/9        EV:  1    Int:  6    God:
Gold:   574        SH:  0    Dex: 15    Spells: 0 memorised, 9 levels left

rFire  + + .     SeeInvis .       - Unarmed
rCold  . . .     Clarity  .     F - +0 robe {rF+}
rNeg   + + +     SustAt   .     (no shield)
rPois  ∞         Gourm    +     (helmet restricted)
rElec  .         Spirit   .     a - +0 cloak
rCorr  +         Warding  .     (gloves unavailable)
rMut   .         Stasis   .     (boots unavailable)
MR     .....                    s - amulet of resist corrosion
Stlth  ++........               D - +2 ring of protection
                                r - ring of protection from fire

@: petrified, not resistant to hostile enchantments, unstealthy
A: unfitting armour, claws 3, fast metabolism 3, gourmand, regeneration 2,
shaggy fur 1, tough skin 2
a: no special abilities


You were on level 10 of the Dungeon.
You were completely stuffed.

You visited 1 branch of the dungeon, and saw 10 of its levels.

You collected 574 gold pieces.

Inventory:

Armour
 a - a +0 cloak (worn)
 F - a +0 robe of fire resistance (worn)
Jewellery
 g - an uncursed ring of invisibility
 r - a ring of protection from fire (left claw)
 s - an amulet of resist corrosion (around neck)
 D - a +2 ring of protection (right claw)
 E - the ring of Agnosticism {MR++ Int+3, unknown}
   (You found it on level 9 of the Dungeon)

   [ring of intelligence]

   It affects your intelligence (+3).
   It affects your resistance to hostile enchantments.
Magical devices
 A - a wand of fireball (6)
Scrolls
 f - 6 scrolls of teleportation
 h - 4 scrolls of recharging
 j - 4 scrolls of fog
 n - 2 scrolls of enchant weapon
 p - 6 scrolls of remove curse
 w - a scroll of fear {unknown}
 y - 3 scrolls of identify
 B - a scroll of enchant armour
 G - a scroll of blinking {unknown}
Potions
 c - 3 potions of curing
 d - a potion of invisibility {unknown}
 e - 2 potions of brilliance {unknown}
 i - 3 potions of mutation {unknown}
 k - a potion of ambrosia {unknown}
 l - a potion of lignification {unknown}
 m - 2 potions of cancellation {unknown}
 o - 4 potions of haste
 q - 2 potions of flight {unknown}
 u - a potion of heal wounds {unknown}
 v - 2 potions of cure mutation {unknown}
 C - a potion of experience {unknown}
 I - a potion of magic {unknown}
Comestibles
 b - 6 bread rations
 t - 3 meat rations
 x - 2 beef jerkies
 z - 3 slices of pizza
 H - 2 chunks of flesh


   Skills:
 + Level 8.5 Fighting
 - Level 2.4 Dodging
 - Level 1.1 Stealth
 * Level 13.7 Unarmed Combat


You had 9 spell levels left.
You didn't know any spells.

Dungeon Overview and Level Annotations

Branches:
Dungeon (10/15)            Temple (0/1) D:6
   Lair: D:8-11         Orc: D:9-12

Altars:
Ashenzari
Dithmenos
Fedhas
Kikubaaqudgha
Makhleb
Nemelex Xobeh
Okawaru
Ru
Sif Muna
Trog
Yredelemnul
The Shining One

Shops:
D:4 %   D:7 (   D:8 }


Innate Abilities, Weirdness & Mutations

You are too large for most types of armour.
You have claws for hands.
Your metabolism is lightning-fast.
You like to eat raw meat.
You heal very quickly.
You are covered in fur (AC +1).
You have very tough skin (AC +2).


Message History

The crocodile bites you!
* * * LOW HITPOINT WARNING * * *
The crocodile bites you!
* * * LOW HITPOINT WARNING * * *
The river rat bites you.
* * * LOW HITPOINT WARNING * * *
The basilisk bites you!
* * * LOW HITPOINT WARNING * * *
The porcupine bites you.
* * * LOW HITPOINT WARNING * * *
The basilisk hisses angrily.
The crocodile bites you but does no damage.
The crocodile bites you.
* * * LOW HITPOINT WARNING * * *
The river rat bites you. The basilisk bites you.
* * * LOW HITPOINT WARNING * * *
The porcupine bites you but does no damage.
The porcupine bites the plant.
The crocodile bites you!
You die...

.................. ..
................$## #..
..................###...
..........#........#....
.........# #............
........# #...........
.......## ##..†....♣
........## ##....t..♣...
.......[.###....@tr.....
#.........#....rrlP...$.
##..............l....♣..
#..................♣....
.....................l..
..................P..P..
.................##....P
................## P...
......>........##


You could see 3 basilisks, 2 crocodiles, 2 porcupines and a river rat.

Vanquished Creatures
  A centaur warrior (D:8)
  Erica (D:8)
  Joseph (D:10)
  A gargoyle (D:10)
  The ghost of urechis the Ruffian, an average TrMo (D:4)
  A troll (D:9)
  Prince Ribbit (D:6)
  A hippogriff (D:9)
  A deep elf mage (D:10)
  A water moccasin (D:7)
  4 orc warriors
  A black bear (D:8)
  3 ice beasts
  A porcupine (D:10)
  6 ogres
  A centaur (D:7)
  2 big kobolds
  5 giant frogs
  A wyvern zombie (D:9)
  A scorpion (D:9)
  10 killer bees
  A wight (D:10)
  An electric eel (D:9)
  A lava snake (D:8)
  2 crimson imps
  An orc priest (D:7)
  3 giant frog zombies
  A jelly (D:8)
  A centaur zombie (D:8)
  6 orc wizards
  A quasit (D:8)
  8 hounds
  3 centaur skeletons
  2 giant frog skeletons
  9 worker ants
  4 iguanas
  A hound zombie (D:7)
  A worker ant zombie (D:8)
  7 gnolls
  13 adders
  4 shadow imps
  3 oozes
  An adder zombie (D:5)
  An adder skeleton (D:8)
  5 worms
  4 giant geckos
  21 orcs
  10 giant cockroaches
  4 goblins
  12 hobgoblins
  14 jackals
  12 kobolds
  A ball python (D:1)
  4 bats
  3 giant newts
  A jackal zombie (D:9)
  3 quokkas
  A quokka skeleton (D:4)
  2 quokka zombies
  13 rats
230 creatures vanquished.

Vanquished Creatures (others)
  A human (D:6)
1 creature vanquished.

Grand Total: 231 creatures vanquished

Notes
Turn   | Place    | Note
--------------------------------------------------------------
     0 | D:1      | urechis the Troll Monk began the quest for the Orb.
     0 | D:1      | Reached XP level 1. HP: 22/22 MP: 0/0
    83 | D:1      | Reached XP level 2. HP: 29/29 MP: 1/1
   463 | D:1      | Reached XP level 3. HP: 33/36 MP: 2/2
   730 | D:2      | Reached skill level 5 in Unarmed Combat
   971 | D:2      | Reached XP level 4. HP: 38/45 MP: 3/3
  1434 | D:3      | Found a blossoming altar of Fedhas.
  1816 | D:3      | Reached XP level 5. HP: 53/53 MP: 4/4
  2039 | D:4      | Reached skill level 6 in Unarmed Combat
  2083 | D:4      | Found Jagipt's Food Emporium.
  2178 | D:4      | Reached XP level 6. HP: 60/62 MP: 5/5
  2194 | D:4      | Noticed urechis's ghost (average TrMo)
  2217 | D:4      | Killed urechis's ghost
  2217 | D:4      | Reached skill level 7 in Unarmed Combat
  2315 | D:4      | Reached XP level 7. HP: 62/70 MP: 6/6
  2342 | D:4      | Found a burning altar of Makhleb.
  2372 | D:4      | Noticed an ogre
  2381 | D:4      | Killed an ogre
  2481 | D:4      | Noticed an ogre
  2488 | D:4      | Killed an ogre
  2811 | D:4      | Noticed a moth of wrath
  2814 | D:4      | Found a bloodstained altar of Trog.
  2830 | D:4      | Reached skill level 8 in Unarmed Combat
  2937 | D:5      | Entered Level 5 of the Dungeon
  3025 | D:5      | Found a deep blue altar of Sif Muna.
  3322 | D:5      | Reached skill level 5 in Fighting
  3484 | D:5      | Reached XP level 8. HP: 77/80 MP: 7/7
  3758 | D:5      | Reached skill level 9 in Unarmed Combat
  3846 | D:6      | Found a basalt altar of Yredelemnul.
  3931 | D:6      | Found a glowing golden altar of the Shining One.
  4026 | D:6      | Found an iron altar of Okawaru.
  4027 | D:6      | Found an ancient bone altar of Kikubaaqudgha.
  4130 | D:6      | Found a glowing golden altar of the Shining One.
  4197 | D:6      | Noticed Prince Ribbit
  4214 | D:6      | Killed Prince Ribbit
  4302 | D:6      | Found a sparkling altar of Nemelex Xobeh.
  4329 | D:6      | Reached skill level 10 in Unarmed Combat
  4498 | D:6      | Found a staircase to the Ecumenical Temple.
  5058 | D:7      | Reached XP level 9. HP: 89/89 MP: 8/8
  5487 | D:7      | Reached skill level 11 in Unarmed Combat
  5732 | D:7      | Found Lypuatz's Antique Weapon Shoppe.
  6205 | D:8      | Noticed Erica
  6215 | D:8      | Killed Erica
  6237 | D:8      | Reached skill level 12 in Unarmed Combat
  6294 | D:8      | Found a sacrificial altar of Ru.
  6295 | D:8      | Found a shattered altar of Ashenzari.
  6497 | D:8      | Noticed a centaur warrior
  6700 | D:8      | Found Seuradgh's Gadget Shoppe.
  6781 | D:8      | Reached XP level 10. HP: 98/102 MP: 9/9
  7162 | D:8      | Killed a centaur warrior
  7917 | D:9      | Got a bound iron ring
  7998 | D:9      | Found a shadowy altar of Dithmenos.
  8036 | D:9      | Reached skill level 13 in Unarmed Combat
  8274 | D:10     | Entered Level 10 of the Dungeon
  8500 | D:10     | Noticed Joseph
  8513 | D:10     | Killed Joseph
  8547 | D:10     | Slain by a crocodile

Vault maps used:
D:1:      tarquinn_simple_flora_water_e, minivault_27
D:2:      kennysheep_big_empty_room, minmay_misc_feat_columns
D:3:      overflow_temple_1_default
D:4:      bloody_makhleb, tgw_trog, serial_shops, shop
D:5:      lemuel_crystal_altar, first_bread
D:6:      old_standard_altar, yredelemnul_altar_generic, nemelex_deck,
          kennysheep_little_box, temple_green, basic_altar, tgw_kikubaaqudgha,
          uniq_prince_ribbit1
D:7:      serial_shops, nicolae_shop_temple_entry_statues_fountains
D:8:      grunt_temple_overflow_open, serial_shops, shop,
          kennysheep_island_fort, uniq_erica
D:9:      nicolae_dithmenos_shadow_blocks
D:10:     minmay_lair_entry_grove, uniq_joseph

Action                   |  1- 3 |  4- 6 |  7- 9 | 10-12 || total
-------------------------+-------+-------+-------+-------++-------
Melee: Unarmed           |   100 |    80 |   357 |   138 ||   675
  Use: Scroll            |       |       |    10 |       ||    10
       Potion            |       |       |     1 |       ||     1
 Stab: Sleeping          |     3 |     4 |     1 |     2 ||    10
       Distracted        |     1 |       |     1 |       ||     2
  Eat: Chunk             |    10 |     9 |    47 |    17 ||    83
